Map: Mech Depot LE

Players

soO - Winner!

  • Race: Zerg Zerg
  • Spawn Location: 7:00

Rogue

  • Race: Zerg Zerg
  • Spawn Location: 1:00

Event: 2017 WCS Global Finals

VOD

Have the link to the VOD?

Description

Time

  • Played on: Nov. 4, 2017, 6:58 p.m.
  • Length: 18:21

All games in this series

Show
View Real Time Build Order
Export as new Build Order

soO Zerg - Winner!

Build Orders: 3 Hatch before Pool 

Get SALT Encoding   

  12  0:00  Drone  
  13  0:12  Overlord  
  13  0:17  Drone  
  14  0:30  Drone x2  
  14  0:33  Drone  
  17  0:51  Hatchery  
  17  0:53  Drone  
  17  0:56  Drone  
  18  1:06  Drone  
  19  1:23  Drone  
  20  1:26  Hatchery  
  19  1:35  Extractor  
  19  1:37  Spawning Pool  
  17  1:40  Drone  
  17  1:42  Drone  
  19  1:49  Drone  
  21  2:01  Drone  
  21  2:03  Drone  
  22  2:11  Drone  
  22  2:14  Drone  
  24  2:25  Queen x2  
  24  2:28  Overlord  
  28  2:36  Metabolic Boost  
  28  2:38  Queen  
  28  2:39  Zergling x2  
  28  2:42  Drone  
  32  2:44  Zergling x2  
  32  2:47  Zergling x2  
  32  2:49  Drone  
  32  2:51  Drone  
  36  2:53  Drone  
  37  2:58  Baneling Nest  
  37  3:02  Drone  
  37  3:09  Overlord  
  37  3:18  Zergling x4  
  37  3:19  Zergling x6  
  42  3:21  Overlord  
  42  3:25  Overlord  
  42  3:30  Zergling x4  
  42  3:32  Zergling x2  
  42  3:33  Zergling x2  
  46  3:35  Zergling x2  
  46  3:37  Zergling x2  
  48  3:42  Zergling x4  
  48  3:47  Zergling x4  
  52  3:50  Zergling x4  
  54  3:56  Baneling x6  
  54  3:59  Zergling x4  
  56  4:04  Baneling  
  56  4:06  Zergling x4  
  58  4:13  Zergling x8  
  58  4:21  Zergling x6  
  52  4:27  Zergling x2  
  52  4:28  Zergling x6  
  53  4:36  Zergling x2  
  53  4:37  Zergling x2  
  54  4:41  Zergling x8  
  58  4:50  Zergling x4  
  58  4:51  Zergling x2  
  58  4:52  Zergling x4  
  55  4:53  Zergling x2  
  55  4:57  Drone x2  
  55  5:00  Drone  
  55  5:01  Drone  
  57  5:08  Drone x3  
  60  5:15  Roach Warren  
  60  5:21  Drone x4  
  62  5:27  Overlord  
  62  5:28  Overlord  
  63  5:38  Extractor  
  63  5:40  Drone  
  62  5:44  Drone  
  62  5:45  Overlord, Drone x2  
  62  5:46  Zergling x2  
  62  5:47  Zergling x8  
  70  5:51  Overlord  
  70  6:02  Evolution Chamber, Drone  
  70  6:03  Extractor  
  70  6:04  Overlord  
  69  6:07  Drone x5  
  69  6:08  Drone  
  75  6:11  Lair  
  75  6:13  Unknown  
  75  6:16  Drone x3  
  78  6:22  Drone x4  
  82  6:33  Drone x2  
  82  6:34  Zerg Missile Weapons Level 1  
  82  6:36  Roach x3  
  82  6:37  Roach  
  92  6:41  Roach x2  
  92  6:43  Overlord  
  92  6:45  Roach  
  98  6:49  Overlord  
  98  6:57  Roach x4  
  98  6:58  Overlord  
  98  7:00  Extractor  
  105  7:05  Queen  
  105  7:06  Drone x2  
  105  7:07  Overlord  
  108  7:13  Drone  
  108  7:14  Hydralisk Den  
  108  7:16  Drone x2  
  108  7:20  Drone x3  
  113  7:24  Drone x3  
  113  7:26  Spore Crawler  
  113  7:28  Spore Crawler  
  114  7:32  Drone x2  
  114  7:33  Glial Reconstitution  
  114  7:35  Unknown, Drone x3  
  114  7:36  Drone  
  120  7:37  Extractor  
  120  7:43  Spore Crawler  
  116  7:44  Roach x2  
  116  7:48  Overlord  
  116  7:49  Muscular Augments  
  120  7:52  Overlord  
  120  7:58  Overlord  
  120  8:05  Overlord  
  120  8:06  Roach x5  
  120  8:09  Overlord  
  120  8:12  Roach x3  
  138  8:13  Roach  
  138  8:17  Overlord  
  136  8:20  Roach x5  
  136  8:22  Overlord  
  136  8:24  Unknown  
  136  8:25  Roach  
  147  8:29  Zerg Missile Weapons Level 2, Overlord  
  147  8:35  Hydralisk  
  147  8:36  Hydralisk  
  147  8:37  Overseer  
  147  8:39  Hydralisk  
  147  8:40  Hydralisk x2  
  157  8:44  Hydralisk x2  
  159  8:49  Roach x3  
  159  8:53  Roach x2  
  169  8:59  Roach x4  
  177  9:04  Unknown  
  177  9:06  Overlord  
  176  9:15  Overseer  
  176  9:18  Overlord  
  176  9:22  Overlord  
  176  9:26  Roach x4  
  176  9:27  Ravager  
  176  9:28  Hatchery  
  184  9:33  Overlord x2  
  184  9:42  Ravager x2  
  184  9:43  Ravager x3  
  189  9:46  Roach x3  
  189  9:51  Unknown  
  193  9:53  Extractor  
  191  10:02  Hatchery  
  191  10:06  Roach x3  
  188  10:08  Roach x2  
  188  10:10  Roach  
  188  10:11  Roach x2  
  188  10:12  Roach x2  
  160  10:14  Roach x2  
  160  10:17  Roach  
  160  10:18  Roach  
  153  10:25  Hydralisk  
  153  10:26  Hydralisk  
  153  10:27  Extractor  
  154  10:32  Hydralisk  
  154  10:36  Drone x4  
  154  10:37  Drone  
  153  10:43  Hydralisk x2  
  153  10:48  Spore Crawler  
  156  10:54  Overseer  
  156  10:59  Ravager x3  
  156  11:02  Drone x2  
  156  11:04  Extractor, Unknown x2  
  161  11:06  Roach  
  161  11:07  Roach x3, Extractor  
  161  11:08  Drone x3  
  161  11:10  Unknown  
  170  11:21  Zerg Ground Armor Level 1  
  170  11:24  Overseer x2  
  170  11:32  Roach x4  
  182  11:33  Roach x2  
  182  11:36  Roach x2  
  182  11:37  Roach x2  
  190  11:40  Roach x2  
  190  11:41  Roach  
  190  11:43  Spore Crawler  
  195  11:50  Roach x2  
  195  11:51  Lurker Den, Overseer  
  199  12:09  Infestation Pit  
  198  12:18  Unknown x3  
  198  12:29  Hatchery  
  197  12:47  Hive  
  197  12:51  Hydralisk  
  199  12:59  Hatchery  
  198  13:15  Spore Crawler, Unknown  
  197  13:25  Zerg Ground Armor Level 2  
  197  13:29  Pneumatized Carapace  
  197  13:31  Hydralisk  
  199  13:58  Roach  
  199  14:01  Roach x2  
  193  14:04  Roach x2  
  193  14:06  Roach x8, Hydralisk x2  
  193  14:07  Hydralisk x2  
  193  14:08  Hydralisk  
  193  14:09  Hydralisk x2  
  177  14:10  Hydralisk x2  
  177  14:11  Roach x10  
  177  14:12  Roach x2  
  196  14:23  Hydralisk x4  
  199  14:27  Hydralisk  
  172  14:34  Hydralisk x6  
  172  14:35  Hydralisk x4  
  134  14:47  Roach Warren  
  134  14:51  Unknown x4  
  113  14:54  Lurker  
  113  14:55  Lurker  
  115  15:07  Hydralisk x3  
  115  15:08  Hydralisk x2  
  94  15:16  Hydralisk x2  
  94  15:19  Hydralisk  
  90  15:26  Hydralisk x2  
  92  15:35  Roach x2  
  96  15:37  Lurker  
  97  15:43  Lurker x2  
  97  15:47  Roach x2  
  103  16:05  Roach x7, Unknown  
  103  16:07  Drone x2  
  119  16:12  Lurker x2  
  121  16:23  Roach x6  
  131  16:33  Roach x4  
  138  16:44  Roach x5  
  148  16:48  Drone x2  
  148  16:53  Roach x2  
  148  16:54  Roach  
  156  17:04  Roach x2  
  156  17:08  Unknown x2  
  160  17:09  Roach x3  
  152  17:24  Roach  
  152  17:25  Roach  
  152  17:26  Roach x4  
  150  17:30  Roach  
  150  17:33  Roach  
  150  17:35  Roach  
  138  17:41  Roach  
  138  17:42  Roach  
  142  17:49  Roach x2  
  142  17:50  Roach  
  148  18:02  Roach  
Show
View Real Time Build Order
Export as new Build Order

Rogue Zerg 

Build Orders: Hatch First, Lurkers, Roach Nydus 

Get SALT Encoding   

  12  0:00  Drone  
  13  0:12  Overlord  
  13  0:17  Drone  
  14  0:30  Drone  
  14  0:31  Drone  
  14  0:34  Drone  
  17  0:51  Hatchery  
  17  0:54  Drone  
  17  0:57  Drone  
  18  1:08  Extractor  
  17  1:13  Spawning Pool  
  17  1:15  Drone  
  17  1:18  Drone  
  18  1:29  Drone  
  19  1:39  Overlord  
  19  1:51  Drone  
  20  1:59  Queen  
  20  2:00  Zergling x2  
  23  2:02  Queen  
  23  2:03  Zergling x2  
  26  2:11  Drone  
  26  2:13  Drone  
  28  2:22  Drone  
  29  2:24  Drone  
  30  2:33  Drone  
  30  2:35  Extractor  
  30  2:36  Lair  
  30  2:38  Queen  
  30  2:41  Overlord  
  32  2:44  Drone  
  32  2:46  Drone  
  34  2:55  Drone  
  35  2:58  Drone  
  35  3:05  Drone  
  37  3:06  Roach Warren  
  37  3:09  Drone  
  37  3:11  Drone x3  
  40  3:15  Drone  
  40  3:23  Drone  
  40  3:24  Evolution Chamber  
  40  3:27  Overlord  
  40  3:38  Overlord  
  40  3:39  Nydus Network  
  39  3:45  Overlord  
  39  3:47  Roach x2  
  43  3:50  Roach  
  43  3:53  Roach  
  47  3:56  Roach  
  47  4:00  Roach  
  51  4:03  Roach  
  51  4:06  Roach  
  55  4:12  Roach x2  
  58  4:20  Nydus Canal  
  58  4:21  Roach  
  58  4:25  Queen  
  58  4:29  Roach  
  60  4:33  Roach  
  60  4:36  Roach  
  64  4:42  Roach  
  64  4:43  Overlord  
  66  4:50  Roach x2  
  64  4:57  Queen  
  64  4:59  Drone x3  
  53  5:05  Extractor x2  
  51  5:08  Drone x2  
  53  5:14  Evolution Chamber  
  53  5:18  Drone x2  
  54  5:23  Drone x2  
  54  5:26  Spire  
  55  5:33  Drone x4  
  59  5:39  Drone  
  60  5:43  Zerg Missile Weapons Level 1  
  60  5:45  Drone  
  60  5:46  Drone  
  60  5:49  Glial Reconstitution  
  62  5:53  Overseer  
  62  5:55  Drone x2  
  64  6:04  Overlord  
  64  6:09  Overlord x2  
  64  6:35  Drone  
  64  6:37  Mutalisk  
  64  6:38  Mutalisk x4, Hatchery  
  74  6:41  Drone x2  
  76  6:47  Mutalisk  
  76  6:49  Drone x2  
  80  6:57  Hydralisk Den  
  80  6:59  Overlord  
  79  7:06  Roach x4  
  79  7:07  Queen  
  89  7:21  Hatchery  
  88  7:25  Overseer  
  88  7:28  Roach x5  
  98  7:32  Overlord  
  98  7:36  Lurker Den  
  98  7:46  Drone x2  
  98  7:49  Overlord  
  100  7:56  Drone x4  
  104  7:58  Extractor  
  104  8:00  Extractor, Hydralisk x2  
  104  8:01  Hydralisk x2  
  110  8:07  Overlord  
  110  8:19  Drone x3  
  113  8:33  Hydralisk  
  115  8:34  Queen  
  115  8:35  Drone x4  
  121  8:44  Overlord x2  
  121  8:45  Zerg Missile Weapons Level 2  
  121  9:07  Lurker x5  
  126  9:10  Infestation Pit  
  126  9:11  Drone x3  
  126  9:15  Roach x5  
  126  9:16  Roach x4  
  144  9:20  Overseer  
  144  9:22  Overlord x2  
  144  9:32  Hatchery  
  144  9:36  Overlord  
  143  9:41  Zerg Ground Armor Level 1  
  143  9:43  Hydralisk x3  
  149  9:56  Roach  
  149  9:57  Roach x5  
  162  10:00  Ravager x2  
  162  10:05  Roach x2  
  163  10:12  Roach x5  
  137  10:22  Hive  
  137  10:24  Drone  
  137  10:25  Drone x6  
  137  10:26  Drone  
  145  10:28  Drone  
  145  10:29  Drone  
  147  10:45  Hydralisk x5  
  147  10:48  Spine Crawler  
  147  10:49  Spine Crawler  
  155  11:04  Queen, Drone x2  
  155  11:05  Spine Crawler x2  
  155  11:07  Lurker x2  
  155  11:08  Roach x3  
  165  11:13  Roach x4  
  165  11:15  Nydus Canal  
  173  11:21  Drone  
  173  11:24  Overlord  
  174  11:27  Overlord  
  174  11:32  Queen, Overlord  
  174  11:38  Overlord  
  174  11:43  Drone  
  174  11:44  Overlord, Drone  
  174  11:46  Extractor x2, Zerg Ground Armor Level 2, Zerg Missile Weapons Level 3  
  174  11:48  Muscular Augments  
  174  11:56  Drone  
  174  11:57  Lurker, Drone  
  174  11:58  Lurker x3  
  174  12:00  Roach  
  174  12:01  Roach  
  182  12:15  Spine Crawler  
  181  12:16  Hatchery  
  180  12:23  Nydus Canal  
  180  12:27  Lurker  
  180  12:29  Hydralisk x4  
  187  12:53  Greater Spire  
  185  12:59  Lurker x3  
  188  13:06  Burrow, Tunneling Claws  
  188  13:29  Roach x6  
  200  13:45  Overlord  
  200  13:48  Overlord  
  194  13:51  Roach  
  194  13:52  Roach  
  194  13:54  Overlord  
  198  13:57  Overlord  
  182  14:03  Roach x7  
  182  14:04  Roach x5  
  182  14:05  Roach, Ravager  
  182  14:08  Roach x6  
  182  14:09  Roach x3  
  196  14:11  Roach x2  
  186  14:19  Roach x9  
  186  14:20  Roach  
  198  14:27  Roach  
  198  14:29  Overlord x2  
  188  14:32  Overlord x2  
  188  14:37  Roach x8  
  139  14:58  Roach x2  
  133  15:05  Roach x5  
  133  15:06  Hatchery  
  142  15:09  Roach x2  
  142  15:12  Roach  
  130  15:16  Roach  
  130  15:19  Roach x2  
  111  15:30  Roach x5  
  121  15:37  Overseer  
  121  15:41  Ravager x8  
  125  15:48  Viper  
  125  15:49  Viper  
  131  15:55  Overseer x2  
  131  16:01  Roach  
  131  16:02  Roach x2  
  137  16:18  Roach x4  
  145  16:29  Roach x2  
  143  16:43  Roach x5  
  143  16:47  Hatchery  
  152  17:01  Roach  
  152  17:02  Roach x6  
  149  17:27  Hydralisk x8  
  141  17:36  Roach x4  
  124  17:37  Queen x2  
  124  17:38  Queen  
  121  17:53  Roach x6  
  128  18:02  Overseer x3  
Tags
 
Add a new tag
Caveats
  • Supply blocks, unpowered buildings, or Contaminate may cause inaccurate times.
  • Supply counts are checked every 10 seconds.